 Dungeon Crawl Stone Soup version 0.26-a0-451-gacbe401039 (webtiles) character file.

Game seed: 1173603975790772811

200 ReteAZ the Stinger (level 5, -4/31 HPs)
             Began as an Octopode Venom Mage on July 28, 2020.
             Killed by divine providence
             ... invoked by an orc priest
              (13 damage)
             ... on level 3 of the Dungeon.
             The game lasted 00:06:36 (3827 turns).

ReteAZ the Stinger (Octopode Venom Mage)            Turns: 3827, Time: 00:06:36

Health: -4/31      AC:  1    Str:  7    XL:     5   Next: 79%
Magic:  8/10       EV: 13    Int: 19    God:
Gold:   63         SH:  0    Dex: 12    Spells: 6/10 levels left

rFire    . . .     SeeInvis .   d - +2 dagger (drain)
rCold    . . .     Faith    .   (no shield)
rNeg     . . .     Spirit   .   (helmet restricted)
rPois    .         Reflect  .   (no amulet)
rElec    .         Harm     .   (no ring)
rCorr    .                      (no ring)
MR       .....                  (no ring)
Stlth    +++.......             (no ring)
HPRegen  0.10/turn              (no ring)
MPRegen  0.12/turn              (no ring)
                                (no ring)
                                (no ring)

@: lethally poisoned (-4 -> -10)
A: almost no armour, stealthy swim, amphibious, 8 rings, constrict 8, camouflage
1, gelatinous body 1
a: no special abilities


You were on level 3 of the Dungeon.
You visited 1 branch of the dungeon, and saw 3 of its levels.

You collected 63 gold pieces.

Inventory:

Hand Weapons
 c - a +0 falchion
 d - a +2 dagger of draining (weapon)
Jewellery
 f - an uncursed ring of fire {unknown}
 h - an uncursed ring of magical power {unknown}
Scrolls
 e - a scroll of magic mapping {unknown}
 i - a scroll of identify {unknown}
 l - a scroll of amnesia {unknown}
Potions
 a - a potion of invisibility {unknown}
 b - a potion of curing {unknown}
 g - a potion of haste {unknown}
 j - a potion of heal wounds {unknown}
 k - a potion of stabbing {unknown}
 m - a potion of lignification {unknown}


   Skills:
 - Level 2.0 Dodging
 - Level 2.6 Stealth
 + Level 3.3 Spellcasting
 + Level 1.1 Conjurations
 - Level 3.0 Transmutations
 + Level 1.0 Air Magic
 - Level 5.0 Poison Magic


You had 6 spell levels left.
You knew the following spells:

 Your Spells              Type           Power        Failure   Level
a - Sting                 Tmut/Pois      ###.         2%          1
b - Mephitic Cloud        Conj/Pois/Air  ##......     17%         3

Your spell library contained the following spells:

 Spells                   Type           Power        Failure   Level
 Poisonous Vapours        Pois/Air       ##....       6%          2
 Ignite Poison            Fire/Tmut/Pois ##......     14%         3
 Olgreb's Toxic Radiance  Pois           ###.....     19%         4


Dungeon Overview and Level Annotations

Branches:
Dungeon (3/15)

Altars:
Nemelex Xobeh
Xom


Innate Abilities, Weirdness & Mutations

You cannot wear most types of armour.
You are very stealthy in the water. (Stealth+)
You are amphibious.
You can wear up to eight rings at the same time.
You can use your tentacles to constrict eight enemies at once.
Your skin changes colour to match your surroundings (Stealth+).
Your rubbery body absorbs attacks. (AC +1, EV +1)


Message History

Aiming: Sting (safe; 2% risk of failure)
Press: ? - help, Shift-Dir - straight line, f - orc priest
Aim: an orc priest, wearing a +1 chain mail of fire resistance (moderately wounded, heavily drained)
The sting hits the orc priest.
The orc priest is poisoned.
The orc priest is heavily wounded.
The orc hits you.
The orc priest hits you but does no damage.
The orc priest closely misses you.
Casting: Sting (safe; 2% risk of failure)
Confirm with . or Enter, or press ? or * to list all spells.
Aiming: Sting (safe; 2% risk of failure)
Press: ? - help, Shift-Dir - straight line, f/p - orc priest
Aim: an orc priest, wearing a +1 chain mail of fire resistance (severely wounded, poisoned, heavily drained)
The sting misses the orc priest.
The orc hits you but does no damage.
The orc wizard hits you with a +0 dagger of venom.
You are poisoned.
You feel sick.
The orc priest invokes the aid of Beogh against you.
Beogh smites you!
You die...

#....## #...<#...
###############....#######...#...
...............)......†....#.#...
#############.#....#######.#÷#...
...........)......†.#....#.#.#...
##############..###.#.##.#.#.#...
# ##o)o...#.##.#.#.#... #
######### #.oo#####........#... #
#.......##.#..@# ####.#.###... #
#.^.....#. #.#.# #<#.......
###........ ##.#.#######.#.......
..........###............#.......
.................................
.................................
..........#######..###.##########
###.......# ##.###.# # #.......#
#..##.#


You could see an orc priest (poisoned, drained) and 2 orcs.

Vanquished Creatures
  Jessica (D:3)
  A worker ant zombie (D:3)
  6 adders
  3 worms
  A dart slug (D:1)
  2 leopard geckos (D:3)
  4 orcs (D:3)
  6 giant cockroaches
  5 goblins
  8 hobgoblins
  18 jackals
  13 kobolds
  A quokka (D:2)
  10 bats
  6 frilled lizards
  4 rats
89 creatures vanquished.

Notes
Turn   | Place    | Note
-------+----------+-------------------------------------------
     0 | D:1      | ReteAZ the Octopode Venom Mage began the quest for the Orb.
     0 | D:1      | Reached XP level 1. HP: 11/11 MP: 3/3
   230 | D:1      | Reached XP level 2. HP: 13/17 MP: 0/5
   433 | D:1      | Reached skill level 4 in Poison Magic
   951 | D:1      | Reached XP level 3. HP: 21/21 MP: 4/6
  1938 | D:2      | Found a shimmering altar of Xom.
  1939 | D:2      | Found a shimmering altar of Xom.
  1940 | D:2      | Found a shimmering altar of Xom.
  2035 | D:2      | Reached XP level 4. HP: 27/27 MP: 3/8
  2762 | D:2      | Found a shimmering altar of Xom.
  2913 | D:2      | Learned a level 3 spell: Mephitic Cloud
  3022 | D:3      | Reached XP level 5. HP: 31/31 MP: 7/9
  3054 | D:3      | Noticed Jessica
  3056 | D:3      | Killed Jessica
  3311 | D:3      | Found a sparkling altar of Nemelex Xobeh.
  3454 | D:3      | Reached skill level 5 in Poison Magic
  3640 | D:3      | Reached skill level 1 in Conjurations
  3656 | D:3      | Reached skill level 1 in Air Magic
  3827 | D:3      | Killed from afar by an orc priest

Illustrated notes

Levels and vault maps discovered:
D:1:      dpeg_arrival_boxes_within_box, layout_basic
D:2:      layout_basic, xom_redecorated, minmay_ruptured
D:3:      layout_basic, nemelex_xobeh_ov_fountains_minmay, uniq_jessica

Skill      XL: |  1  2  3  4  5 |
---------------+----------------+-----
Poison Magic   | 4 5 |  5.0
Transmutations | 2 3 |  3.0
Spellcasting   | 3 |  3.3
Conjurations   | 1 |  1.1
Air Magic      | 1 |  1.0
Dodging        | |  2.0
Stealth        | |  2.6

Action                   |  1- 3 |  4- 6 || total
-------------------------+-------+-------++-------
Melee: Unarmed           |    48 |       ||    48
       Constrict         |    20 |    19 ||    39
       Tentacles         |    10 |     9 ||    19
       Falchion          |     3 |       ||     3
       Dagger            |       |    78 ||    78
 Cast: Sting             |    46 |    39 ||    85
 Stab: Sleeping          |     2 |     3 ||     5
Armor: Skin              |     7 |    12 ||    19
Dodge: Dodged            |    57 |    64 ||   121
       Rpst.: Falchion   |     5 |       ||     5

Table legend: (Time is in decaauts)
 A = Elapsed time spent in this place.
 B = Non-inter-level travel time spent in this place.
 C = Inter-level travel time spent in this place.
 D = Time resting spent in this place.
 E = Time spent auto-exploring this place.
 F = Levels seen in this place.
 G = Mean time per level.
                   A        B        C        D        E       F      G
               +--------+--------+--------+--------+--------+-----+--------+
         Total |   3826 |   3779 |     47 |    773 |   2364 |   3 | 1275.3 |
       Dungeon |   3826 |   3779 |     47 |    773 |   2364 |   3 | 1275.3 |
               +--------+--------+--------+--------+--------+-----+--------+

Top non-repeatable levels by time:
     D:1: 1591 daAuts
     D:2: 1349 daAuts
     D:3: 885 daAuts
